 Dungeon Crawl Stone Soup version 0.19-a0-1878-gcbc8a98 (webtiles) character file.

1432 JeffiDaFish the Covert (level 8, -5/56 HPs)
             Began as a Vampire Enchanter on Oct 13, 2016.
             Was a Follower of Dithmenos.
             Slain by gribnar's ghost (12 damage)
             ... on level 6 of the Dungeon on Oct 14, 2016.
             The game lasted 00:29:34 (7582 turns).

JeffiDaFish the Covert (Vampire Enchanter)          Turns: 7582, Time: 00:29:35

Health: -5/56      AC:  4    Str:  9    XL:     8   Next: 45%
Magic:  4/14       EV: 13    Int: 18    God:    Dithmenos [*.....]
Gold:   335        SH:  0    Dex: 14    Spells: 4 memorised, 6 levels left

rFire  . . .     SeeInvis +     g - +3 dagger (speed)
rCold  . . .     Gourm    .     b - +2 robe
rNeg   + . .     Faith    .     (no shield)
rPois  .         Spirit   .     (no helmet)
rElec  .         Dismiss  .     (no cloak)
rCorr  .         Reflect  .     (no gloves)
MR     .....     Harm     +     (no boots)
Stlth  +++++..... Rnd*Rage +    m - amulet of harm
                                (no ring)
                                (no ring)

@: very slightly contaminated, wreathed by umbra
A: fangs 3, see invisible, berserk 1, mutation resistance 1, screaming 1,
unbreathing
a: Bat Form, Renounce Religion


You were on level 6 of the Dungeon.
You worshipped Dithmenos.
Dithmenos was aware of your devotion.
You were not thirsty.

You visited 2 branches of the dungeon, and saw 7 of its levels.
You also visited: Ossuary.

You collected 335 gold pieces.

Inventory:

Hand Weapons
 a - a +1 dagger
 g - a +3 dagger of speed (weapon)
Missiles
 e - 2 curare-tipped needles
Armour
 b - a +2 robe (worn)
Magical Staves
 p - an uncursed staff of wizardry
Jewellery
 m - an amulet of harm (around neck)
 o - an uncursed ring of see invisible
 t - an uncursed ring of protection from fire {unknown}
Wands
 h - a wand of paralysis (4/24)
 l - a wand of digging (18/24)
 n - a wand of flame (15/48)
 r - a wand of slowing (12/48)
Scrolls
 i - 6 scrolls of teleportation
 k - 6 scrolls of identify
 q - a scroll of amnesia
Potions
 d - 2 potions of blood
 f - 3 potions of flight
 j - 3 potions of cancellation
 v - a potion of curing
Books
 c - a book of Maledictions

   Spells                             Type                      Level
   a - Corona                         Hexes                        1
   b - Ensorcelled Hibernation        Hexes/Ice                    2
   c - Confuse                        Hexes                        3
   d - Tukima's Dance                 Hexes                        3
   e - Dazzling Spray                 Conjuration/Hexes            3


   Skills:
 + Level 1.9 Fighting
 + Level 5.8 Short Blades
 + Level 3.4 Dodging
 + Level 10.3 Stealth
 + Level 4.1 Spellcasting
 + Level 6.8 Hexes
 + Level 1.2 Ice Magic


You had 6 spell levels left.
You knew the following spells:

 Your Spells              Type           Power        Failure   Level  Hunger
a - Corona                Hex            ####...      1%          1    None
b - Ensorcelled Hibernat  Hex/Ice        ###...       4%          2    ##.....
c - Confuse               Hex            ####....     2%          3    ###....
d - Dazzling Spray        Conj/Hex       ###...       14%         3    ###....


Dungeon Overview and Level Annotations

Branches:
Dungeon (6/15)             Temple (1/1) D:4

Altars:
Ashenzari
Cheibriados
Dithmenos
Elyvilon
Fedhas
Gozag
Hepliaklqana
Kikubaaqudgha
Makhleb
Nemelex Xobeh
Okawaru
Qazlal
Ru
Sif Muna
Trog
Vehumet
Xom
Yredelemnul
Zin
The Shining One

Shops:
D:6 (

Annotations:
D:6 gribnar's ghost, novice GrFi


Innate Abilities, Weirdness & Mutations

You have razor-sharp teeth.
You have supernaturally acute eyesight. (SInv)
You can survive without breathing.
You tend to lose your temper in combat.
You are somewhat resistant to further mutation.
You occasionally shout uncontrollably at your foes.


Message History

You are very lightly contaminated with residual magic.
As you read the scroll of blinking, it crumbles to dust.
You hit gribnar's ghost but do no damage.
Gribnar's ghost is almost destroyed.
The orc hits you with a club.
* * * LOW HITPOINT WARNING * * *
You hit gribnar's ghost.
Gribnar's ghost is almost destroyed.
An orc comes into view. It is wielding a dagger.
You hit gribnar's ghost.
Gribnar's ghost is almost destroyed.
Gribnar's ghost seems less confused.
The orc warrior misses you. Gribnar's ghost closely misses you.
You hit gribnar's ghost but do no damage.
You bite gribnar's ghost, but do no damage.
Gribnar's ghost is almost destroyed.
The orc throws a tomahawk.
The tomahawk barely misses you. The orc closely misses you.
Gribnar's ghost hits you!
You die...

#.............#......∩
###+####..###'##....... ######
#......#..##..<.....##. .#...##
#......#...#........#.8 .#....#
#......+...#........#.. .#...<#
#>.....#...#........#..
#...#######......##..#...>....###
##...........#....####....#'###.#
#...........#..@W'..#....#.....#
#........#..'..(.#.)#....#.....#
#........#..#..o.#..'....#.....#
#........#.##..o.####....#..####
..#########.#####......####..# #.
... #......#.....# #. ...
#......#.....# #. #..#
#......#####'# #..#
#...o..#.....#


You could see an orc warrior, gribnar's ghost and an orc.

Vanquished Creatures
  Grinder (D:6)
  A sky beast (D:6)
  2 phantoms
  An ogre (D:6)
  3 bullfrogs (D:6)
  3 water moccasin zombies (Ossuary)
  A crimson imp (D:5)
  A quasit (D:6)
  A bullfrog skeleton (D:6)
  A jelly (D:5)
  Terence (D:2)
  An iguana (D:6)
  A worker ant (D:4)
  6 big kobold zombies (Ossuary)
  2 mummies (Ossuary)
  A howler monkey zombie (D:5)
  8 adders
  A shadow imp (D:5)
  An ooze (D:1)
  An adder zombie (Ossuary)
  An adder skeleton (D:4)
  3 worms
  A leopard gecko (D:4)
  16 orcs
  A ball python (D:4)
  8 bats
  4 giant cockroaches
  A gnoll zombie (Ossuary)
  5 goblins
  4 hobgoblins
  2 jackals (D:1)
  3 quokkas
  7 frilled lizards
  5 hobgoblin zombies (Ossuary)
  5 kobolds
  5 kobold zombies (Ossuary)
  6 orc zombies (Ossuary)
  11 rats
126 creatures vanquished.

Vanquished Creatures (others)
  A hobgoblin zombie (Ossuary)
  An orc zombie (Ossuary)
2 creatures vanquished.

Grand Total: 128 creatures vanquished

Notes
Turn   | Place    | Note
-------+----------+-------------------------------------------
     0 | D:1      | JeffiDaFish the Vampire Enchanter began the quest for the Orb.
     0 | D:1      | Reached XP level 1. HP: 13/13 MP: 3/3
   222 | D:1      | Reached XP level 2. HP: 18/19 MP: 5/5
   226 | D:1      | Learned a level 2 spell: Ensorcelled Hibernation
   482 | D:1      | Reached skill level 5 in Hexes
  1013 | D:2      | Reached skill level 5 in Stealth
  1013 | D:2      | Reached XP level 3. HP: 24/24 MP: 3/6
  1018 | D:2      | Learned a level 3 spell: Confuse
  1052 | D:2      | Noticed Terence
  1070 | D:2      | Killed Terence
  1114 | D:2      | Found an opulent altar of Gozag.
  1114 | D:2      | Found an ancient bone altar of Kikubaaqudgha.
  1117 | D:2      | Found a shattered altar of Ashenzari.
  1119 | D:2      | Gained mutation: You tend to lose your temper in combat. [potion of mutation]
  1119 | D:2      | Gained mutation: You occasionally shout uncontrollably at your foes. [potion of mutation]
  1119 | D:2      | Gained mutation: You are somewhat resistant to further mutation. [potion of mutation]
  1165 | D:2      | Found a glowing silver altar of Zin.
  1252 | D:2      | Reached XP level 4. HP: 31/31 MP: 7/7
  2061 | D:2      | Reached skill level 6 in Stealth
  2374 | D:3      | Reached skill level 1 in Fighting
  3019 | D:3      | Reached XP level 5. HP: 33/37 MP: 1/8
  3360 | D:4      | Learned a level 3 spell: Dazzling Spray
  3423 | D:4      | Found a staircase to the Ecumenical Temple.
  3431 | Temple   | Entered the Ecumenical Temple
  3563 | Temple   | Became a worshipper of Dithmenos the Shadowed
  3976 | D:4      | Noticed a phantom
  4270 | D:4      | Killed a phantom
  4270 | D:4      | Reached XP level 6. HP: 37/43 MP: 6/9
  4377 | D:5      | Entered Level 5 of the Dungeon
  4404 | D:5      | Reached skill level 7 in Stealth
  4643 | D:5      | Found a sand-covered staircase.
  4669 | Ossuary  | Entered an ossuary
  5455 | Ossuary  | Reached * piety under Dithmenos
  5547 | Ossuary  | Reached XP level 7. HP: 40/48 MP: 11/11
  5736 | Ossuary  | Reached skill level 8 in Stealth
  5736 | Ossuary  | HP: 2/48 [poison (a needle trap)]
  6848 | D:6      | Reached skill level 5 in Short Blades
  6929 | D:6      | Found Wobutei's Antique Weapon Shoppe.
  6979 | D:6      | Reached skill level 9 in Stealth
  7134 | D:6      | Reached XP level 8. HP: 23/56 MP: 4/13
  7341 | D:6      | Reached skill level 1 in Ice Magic
  7353 | D:6      | Noticed Grinder
  7364 | D:6      | Killed Grinder
  7364 | D:6      | Reached skill level 10 in Stealth
  7555 | D:6      | Noticed gribnar's ghost (novice GrFi)
  7582 | D:6      | Slain by gribnar's ghost

Vault maps used:
D:1:      enne_arrival_octagon_isle, minivault_5, grunt_decor_cap,
          minmay_pentomino_p4
D:2:      nicolae_overflow_hidden_temple, uniq_terence
D:3:      first_bread, roderic_digamma_sauvastika
D:5:      lightli_ossuary_entry_decrepit_ruins
D:6:      serial_shops, shop_statue, uniq_duvessa, uniq_grinder
Temple:   nicolae_temple_elliptical
Ossuary:  ossuary_tomb_2

Skill      XL: |  1  2  3  4  5  6  7  8 |
---------------+-------------------------+-----
Hexes          | 5 6 |  6.8
Stealth        | 5 6 7 9 10 | 10.3
Short Blades   | 2 3 4 5 |  5.8
Fighting       | 1 |  1.9
Spellcasting   | 3 4 |  4.1
Dodging        | 3 |  3.4
Ice Magic      | 1 |  1.2

Action                   |  1- 3 |  4- 6 |  7- 9 || total
-------------------------+-------+-------+-------++-------
Melee: Dagger            |    65 |   302 |   143 ||   510
       Bite              |     4 |    26 |    18 ||    48
 Cast: Ensorcelled Hiber |     1 |    16 |     5 ||    22
       Confuse           |     1 |    12 |    16 ||    29
       Dazzling Spray    |       |     2 |       ||     2
 Abil: End Transformatio |       |     2 |     1 ||     3
       Bat Form          |       |     2 |     1 ||     3
  Use: Scroll            |     3 |     5 |     4 ||    12
       Potion            |     5 |    17 |    11 ||    33
 Stab: Sleeping          |    17 |    16 |    17 ||    50
       Confused          |     2 |     5 |     4 ||    11
Armor: Robe              |    14 |    53 |     9 ||    76
Dodge: Dodged            |    20 |   124 |    49 ||   193
